 Dungeon Crawl Stone Soup version 0.26.1-2-gb8aa6d0cf2 (webtiles) character file.

Game seed: 12118338811357021356

554 Gadfly the Unbeliever (level 7, -1/78 HPs)
             Began as a Demonspawn Monk on Feb 8, 2021.
             Slain by a worker ant (2 damage)
             ... on level 4 of the Dungeon.
             The game lasted 00:06:04 (4758 turns).

Gadfly the Unbeliever (Demonspawn Monk)             Turns: 4758, Time: 00:06:05

Health: -1/78      AC: 23    Str: 13    XL:     7   Next: 8%
Magic:  10/10      EV:  2    Int: 12    God:
Gold:   153        SH:  0    Dex: 15    Spells: 6/6 levels left

rFire    . . .     SeeInvis .   a - +1 hand axe
rCold    . . .     Faith    .   (no shield)
rNeg     + + +     Spirit   .   (armour currently unavailable)
rPois    +         Reflect  .   (helmet currently unavailable)
rElec    .         Harm     .   (cloak currently unavailable)
rCorr    .         Rampage  .   (gloves currently unavailable)
Will     .....     NoTele   +   (boots currently unavailable)
Stlth    ++........             l - amulet of the acrobat
HPRegen  0.23/turn              (no ring)
MPRegen  0.12/turn              (no ring)

@: tree-form, hasted, very quick
A: demonic guardian 1, foul stench 1, miasma immunity
a: no special abilities


You were on level 4 of the Dungeon.
You were a tree.
You visited 1 branch of the dungeon, and saw 4 of its levels.

You collected 153 gold pieces.

Inventory:

Hand Weapons
 a - a +1 hand axe (weapon)
 n - the +6 short sword of the Howling Soothsayer {protect, rElec rPois MP-9 SInv, unknown}
   (You found it on level 4 of the Dungeon)

   It grants its wielder temporary protection when it strikes (+7 to AC).
   It insulates you from electricity.
   It protects you from poison.
   It affects your magic capacity (-9).
   It lets you see invisible.
Armour
 d - a scarf of harm (melded)
 k - a +2 helmet (melded)
 m - a +0 scale mail (melded)
Jewellery
 l - an amulet of the acrobat (around neck)
 o - an uncursed amulet of faith
Wands
 e - a wand of random effects (20)
Scrolls
 f - a scroll of teleportation
 g - a scroll of enchant weapon
 i - a scroll of fog
Potions
 b - 2 potions of flight


   Skills:
 - Level 3.0 Fighting
 + Level 3.7 Axes
 * Level 3.4 Armour
 - Level 2.6 Dodging
 - Level 1.7 Stealth
 * Level 5.1 Invocations
 * Level 3.6 Evocations


You had 6 spell levels left.
You didn't know any spells.
Your spell library was empty.

Dungeon Overview and Level Annotations

Branches:
Dungeon (4/15)
 Temple: D:4-7

Altars:


Innate Abilities, Weirdness & Mutations

((You have hoof-like feet.))
A weak demonic guardian rushes to your aid.
You may emit foul miasma when damaged in melee.
You are immune to miasma.


Message History

Aiming: Random Effects
Press: ? - help, Shift-Dir - straight line The mass of ice explodes!
The iceblast engulfs the leopard gecko skeleton!
The leopard gecko skeleton partially resists.
You destroy the leopard gecko skeleton!
The iceblast engulfs you.
* * * LOW HITPOINT WARNING * * *
The iceblast engulfs the ogre!
You kill the ogre!
You hear an angry hiss.
You hear a howl!
You hear a shout!
Your Invocations skill increases to level 5!
You have reached level 7!
Your demonic ancestry asserts itself...
You feel the presence of a demonic guardian.
You hit the worker ant but do no damage.
You hit the worker ant.
The worker ant is moderately wounded.
The worker ant bites you.
You die...

.# #.# ..# #.
##..##... ## #..#.....
##.#### ##........
##.....## #.........
##.......####†).......
#........##B♣##.S.....
##.......#..###
#...... ##.........###
#..... #.........##
#.... #........## #..#
#........# #..
###.......## #.
#.........#
..##.....##


You could see a worker ant (fast, slow, misshapen).

Vanquished Creatures
  Sigmund (D:4)
  An ogre (D:4)
  An orc wizard (D:4)
  A centaur skeleton (D:4)
  An orc priest (D:4)
  8 gnolls
  6 adders
  3 oozes
  3 worms
  A dart slug (D:3)
  3 leopard geckos
  5 orcs
  5 giant cockroaches
  9 goblins
  5 hobgoblins
  4 jackals (D:1)
  9 kobolds
  2 quokkas (D:2)
  A ball python (D:4)
  8 bats
  5 frilled lizards
  A leopard gecko skeleton (D:4)
  4 rats
87 creatures vanquished.

Notes
Turn   | Place    | Note
-------+----------+-------------------------------------------
     0 | D:1      | Gadfly the Demonspawn Monk began the quest for the Orb.
     0 | D:1      | Reached XP level 1. HP: 18/18 MP: 1/1
    80 | D:1      | Reached skill level 1 in Invocations
   160 | D:1      | Gained mutation: You have large cloven feet. [demonic
                  | ancestry]
   160 | D:1      | Reached XP level 2. HP: 24/24 MP: 2/2
   389 | D:1      | Reached skill level 1 in Evocations
   426 | D:1      | Reached skill level 1 in Armour
   613 | D:1      | Gained mutation: You are immune to miasma. [demonic
                  | ancestry]
   613 | D:1      | Reached XP level 3. HP: 13/29 MP: 4/4
  1018 | D:1      | Reached skill level 2 in Invocations
  1693 | D:2      | HP: 1/29 [adder (5)]
  1698 | D:2      | Reached XP level 4. HP: 28/35 MP: 5/5
  3041 | D:3      | Reached skill level 3 in Invocations
  3338 | D:3      | Gained mutation: You have hoof-like feet. [demonic
                  | ancestry]
  3338 | D:3      | Reached XP level 5. HP: 41/41 MP: 7/7
  4268 | D:4      | Reached skill level 4 in Invocations
  4268 | D:4      | Gained mutation: You may emit foul miasma when damaged in
                  | melee. [demonic ancestry]
  4268 | D:4      | Reached XP level 6. HP: 15/47 MP: 7/9
  4536 | D:4      | Noticed Sigmund
  4547 | D:4      | Killed Sigmund
  4557 | D:4      | Got a fading short sword
  4748 | D:4      | HP: 3/70 [worker ant (3)]
  4755 | D:4      | HP: 1/70 [shot self (3)]
  4756 | D:4      | Reached skill level 5 in Invocations
  4756 | D:4      | Gained mutation: A weak demonic guardian rushes to your
                  | aid. [demonic ancestry]
  4756 | D:4      | Reached XP level 7. HP: 1/52 MP: 10/10
  4758 | D:4      | Slain by a worker ant

Illustrated notes

Levels and vault maps discovered:
D:1:      lemuel_arrival_muddy, layout_basic, chequers_arboretum,
          amcnicky_mini_rare_corridor_liquid, minmay_worlds_worst_comb
D:2:      layout_loops_corners
D:3:      layout_loops_ring
D:4:      layout_cave_pods, uniq_natasha, uniq_sigmund

Skill      XL: |  1  2  3  4  5  6 |
---------------+-------------------+-----
Invocations    | 1 2 3 4 5 |  5.1
Evocations     | 1 2 3 |  3.6
Armour         | 1 2 3 |  3.4
Axes           | 3 |  3.7
Fighting       | |  3.0
Dodging        | |  2.6
Stealth        | |  1.7

Action                   |  1- 3 |  4- 6 |  7- 9 || total
-------------------------+-------+-------+-------++-------
Melee: Hand axe          |   105 |   173 |     2 ||   280
       Kick              |    23 |    31 |       ||    54
Evoke: Wand              |       |     8 |       ||     8
  Use: Scroll            |     5 |     3 |       ||     8
       Potion            |     3 |     6 |       ||     9
 Stab: Sleeping          |     7 |       |       ||     7
Armor: Robe              |    22 |     1 |       ||    23
       Ring mail         |       |    59 |       ||    59
       Scale mail        |       |    20 |       ||    20
       Skin              |       |     9 |       ||     9
Dodge: Dodged            |    90 |   123 |       ||   213
